 Dungeon Crawl Stone Soup version 0.16-a0-246-ge4ca762 (webtiles) character file.

725 Ololoev the Martial Artist (level 7, -5/43 HPs)
             Began as an Octopode Transmuter on Aug 21, 2014.
             Was an Initiate of Fedhas.
             Slain by a sky beast (6 damage)
             ... on Level 5 of the Dungeon on Aug 22, 2014.
             The game lasted 00:23:23 (4557 turns).

Ololoev the Martial Artist (Octopode Transmuter)    Turns: 4557, Time: 00:23:24

HP  -5/43        AC  3     Str 10      XL: 7   Next: 71%
MP   5/12        EV 19     Int 17      God: Fedhas [......]
Gold 254         SH  0     Dex 17      Spells:  3 memorised,  4 levels left

rFire  . . .     SeeInvis .       - Unarmed
rCold  . . .     Clarity  .     (shield currently unavailable)
rNeg   . . .     rCorr    .     (helmet currently unavailable)
rPois  x         rRot     .     (no amulet)
rElec  .         Spirit   .     s - ring of wizardry
SustAb .         Warding  .     i - +1 ring of protection
rMut   .         Stasis   .     (no ring)
Gourm  .                        (no ring)
MR     .....                    (no ring)
                                (no ring)
                                (no ring)
                                (no ring)

@: spider-form, not resistant to hostile enchantments, unstealthy
A: almost no armour, amphibious, 8 rings, (constrict 8), (camouflage 0),
(gelatinous body 0)
a: End Transformation, Renounce Religion


You were on level 5 of the Dungeon.
You worshipped Fedhas.
Fedhas was noncommittal.
You were hungry.
You were in spider-form.
You visited 2 branches of the dungeon, and saw 6 of its levels.

You collected 254 gold pieces.

Inventory:

Hand weapons
 m - a cursed +0 blowgun
Missiles
 b - 39 arrows
 n - 14 poisoned needles
Magical devices
 l - a wand of disintegration (7)
 p - a wand of polymorph (10)
Comestibles
 a - a bread ration
 g - 2 meat rations
Scrolls
 f - 3 scrolls of enchant armour
 h - a scroll of recharging
 q - a scroll of immolation {unknown}
 r - a scroll of noise {unknown}
 t - a scroll of fear {unknown}
Jewellery
 i - a +1 ring of protection (right front leg)
 s - a ring of wizardry (left front leg)
Potions
 c - a potion of cure mutation
 e - 2 potions of haste
 j - a potion of agility
 k - a potion of might {unknown}
 o - a potion of brilliance {unknown}
 u - a potion of curing
Books
 d - a book of Changes

   Spells                             Type                      Level
   *Beastly Appendage                 Transmutation                1
   *Sticks to Snakes                  Transmutation                2
   *Spider Form                       Transmutation/Poison         3
   Ice Form                           Ice/Transmutation            4
   Blade Hands                        Transmutation                5


   Skills:
 - Level 1.0 Fighting
 - Level 2.0 Dodging
 + Level 8.1 Unarmed Combat
 - Level 2.0 Spellcasting
 - Level 3.9 Transmutations


You had 4 spell levels left.
You knew the following spells:

 Your Spells              Type           Power        Failure   Level  Hunger
a - Beastly Appendage     Trmt           ###...       6%          1    #......
b - Sticks to Snakes      Trmt           ###.......   10%         2    ###....
c - Spider Form           Trmt/Pois      #.........   24%         3    ####...


Dungeon Overview and Level Annotations

Branches:
Dungeon (5/15)             Temple (1/1) D:5

Altars:
Ashenzari
Cheibriados
Dithmenos
Fedhas
Gozag
Makhleb
Nemelex Xobeh
Okawaru
Qazlal
Sif Muna
Trog
Vehumet
Yredelemnul
Zin

Annotations:
D:4 wullow's ghost, experienced GrCK
D:5 runewalsh's ghost, experienced OpTm


Innate Abilities, Weirdness & Mutations

You cannot wear most types of armour.
You are amphibious.
You can wear up to eight rings at the same time.
((You can use your tentacles to constrict many enemies at once.))
((Your skin changes colour to match your surroundings (Stealth).))
((Your rubbery body absorbs attacks (AC +1).))


Message History

Your transformation is almost over.
Something hits you. Something shocks you.
You closely miss something. Your squeeze misses something. Something hits you.
Something shocks you.
* * * LOW HITPOINT WARNING * * *
Casting: Beastly Appendage
Confirm with . or Enter, or press ? or * to list all spells.
Your tentacle spike disappears.
You turn into a venomous arachnid creature.
Something hits you but does no damage.
You bite something! Something hits you but does no damage.
You closely miss something. Something hits you.
* * * LOW HITPOINT WARNING * * *
Something shocks you.
* * * LOW HITPOINT WARNING * * *
You barely miss something. Something hits you.
* * * LOW HITPOINT WARNING * * *
Something shocks you.
You die...
Fedhas appreciates your contribution to the ecosystem.

####S####.#
#S# .# #.#
.# #.# #
#<# #.# #.#
#.# #s# #.#
#.# #.. #..
#..# #.##
###


You could see 2 friendly ball pythons.

Vanquished Creatures
  Menkaure (D:4)
  2 ogres
  Blork the orc (D:5)
  A goliath beetle (D:5)
  A jelly (D:5)
  An orc wizard (D:3)
  An iguana (D:4)
  2 worker ants (D:5)
  5 adders
  9 gnolls
  A shadow imp (D:5)
  A worm (D:2)
  2 giant geckos (D:5)
  An ooze (D:1)
  5 orcs
  4 giant cockroaches
  6 hobgoblins
  6 jackals
  A quokka (D:2)
  A ball python (D:2)
  14 bats
  A giant gecko zombie (D:5)
  8 giant newts
  11 goblins
  11 kobolds
  3 rats
100 creatures vanquished.

Vanquished Creatures (others)
  4 toadstools (D:5)
4 creatures vanquished.

Grand Total: 104 creatures vanquished

Notes
Turn   | Place    | Note
--------------------------------------------------------------
     0 | D:1      | Ololoev, the Octopode Transmuter, began the quest for the Orb.
     0 | D:1      | Reached XP level 1. HP: 13/13 MP: 3/3
   422 | D:1      | Reached XP level 2. HP: 6/18 MP: 2/4
  1021 | D:1      | Learned a level 2 spell: Sticks to Snakes
  1087 | D:2      | Gained mutation: You are weak. (Str -2) [potion of mutation]
  1087 | D:2      | Gained mutation: Your body is slowly deteriorating. [potion of mutation]
  1088 | D:2      | Lost mutation: Your body is slowly deteriorating. [potion of cure mutation]
  1088 | D:2      | Lost mutation: You are weak. (Str -2) [potion of cure mutation]
  1132 | D:2      | Reached XP level 3. HP: 23/23 MP: 6/6
  1703 | D:2      | Reached XP level 4. HP: 28/28 MP: 7/7
  1984 | D:3      | Reached skill level 4 in Unarmed Combat
  2378 | D:3      | Found a shattered altar of Ashenzari.
  2379 | D:3      | Found a burning altar of Makhleb.
  2665 | D:3      | Reached XP level 5. HP: 33/33 MP: 9/9
  2963 | D:4      | Noticed an ogre
  2977 | D:4      | Killed an ogre
  2977 | D:4      | Reached skill level 5 in Unarmed Combat
  2977 | D:4      | Reached XP level 6. HP: 38/38 MP: 10/10
  3161 | D:4      | Noticed wullow's ghost (experienced GrCK)
  3284 | D:5      | Entered Level 5 of the Dungeon
  3290 | D:5      | Learned a level 3 spell: Spider Form
  3319 | D:5      | Reached skill level 6 in Unarmed Combat
  3415 | D:5      | Noticed Blork the orc
  3444 | D:5      | Killed Blork the orc
  3444 | D:5      | Reached skill level 7 in Unarmed Combat
  3444 | D:5      | Reached XP level 7. HP: 23/43 MP: 9/12
  3969 | D:5      | Found a staircase to the Ecumenical Temple.
  3994 | Temple   | Entered the Ecumenical Temple
  4086 | Temple   | Upgraded the game from 0.16-a0-231-g3d5c238 to 0.16-a0-246-ge4ca762
  4094 | Temple   | Became a worshipper of Fedhas Madash
  4133 | D:5      | Noticed runewalsh's ghost (experienced OpTm)
  4426 | D:4      | Noticed Menkaure
  4452 | D:4      | Killed Menkaure
  4452 | D:4      | Reached skill level 8 in Unarmed Combat
  4557 | D:5      | HP: 1/43 [something (4)]
  4557 | D:5      | Slain by a sky beast

Action                   |  1- 3 |  4- 6 |  7- 9 || total
-------------------------+-------+-------+-------++-------
Melee: Unarmed           |    59 |    56 |    46 ||   161
       Short sword       |    29 |       |       ||    29
 Fire: Blowgun           |       |    29 |     7 ||    36
 Cast: Beastly Appendage |    20 |     5 |     7 ||    32
       Sticks to Snakes  |       |     7 |     7 ||    14
       Spider Form       |       |     2 |     2 ||     4
Evoke: Wand              |       |     5 |       ||     5
  Use: Scroll            |     5 |     2 |       ||     7
       Potion            |     5 |       |       ||     5
 Stab: Sleeping          |     2 |     7 |     3 ||    12
  Eat: Chunk             |     3 |     5 |     1 ||     9
       Royal jelly       |       |       |     1 ||     1
       Beef jerky        |       |       |     1 ||     1
